Map: Oxide LE

Players

Astrea - Winner!

  • Race: Protoss Protoss
  • League: Master

Scarlett

  • Race: Zerg Zerg

Event: DreamHack SC2 Masters 2021 Summer

VOD

Have the link to the VOD?

Description

Time

  • Played on: June 6, 2021, 3:41 p.m.
  • Length: 12:05

All games in this series

Show
View Real Time Build Order
Export as new Build Order

Astrea Protoss - Winner!

Build Orders: 1 Gate Expand, Oracle Opening, Zealot Archon 

Get SALT Encoding   

  12  0:00  Probe  
  13  0:12  Probe  
  14  0:19  Pylon  
  14  0:24  Probe  
  15  0:37  Probe (Chrono Boost)  
  15  0:39  Gateway  
  16  0:46  Probe (Chrono Boost)  
  17  0:50  Assimilator  
  17  0:51  Probe  
  18  1:03  Probe  
  19  1:15  Probe  
  20  1:32  Nexus  
  20  1:38  Cybernetics Core  
  20  1:42  Probe  
  21  1:49  Assimilator  
  21  1:54  Probe  
  21  1:57  Pylon  
  22  2:06  Probe  
  23  2:13  Adept (Chrono Boost)  
  23  2:14  Probe, Warp Gate  
  23  2:22  Probe  
  26  2:29  Stargate  
  27  2:33  Probe  
  28  2:41  Stalker (Chrono Boost)  
  30  2:44  Probe  
  30  2:46  Probe  
  32  2:57  Probe  
  32  2:58  Probe  
  34  3:03  Gateway  
  34  3:09  Probe  
  34  3:10  Oracle (Chrono Boost)  
  34  3:11  Probe  
  36  3:18  Adept  
  41  3:21  Probe  
  41  3:23  Probe  
  41  3:26  Pylon  
  43  3:33  Probe  
  44  3:36  Probe  
  45  3:44  Oracle  
  45  3:45  Probe  
  45  3:48  Probe  
  50  3:57  Probe  
  50  4:01  Nexus  
  51  4:03  Probe, Pylon  
  51  4:09  Probe  
  53  4:15  Probe  
  53  4:16  Pylon  
  54  4:21  Probe  
  54  4:23  Assimilator x2  
  55  4:28  Probe (Chrono Boost)  
  56  4:33  Probe (Chrono Boost)  
  56  4:35  Pylon  
  56  4:37  Twilight Council, Forge  
  57  4:40  Probe (Chrono Boost), Sentry x2  
  57  4:44  Probe (Chrono Boost)  
  63  4:47  Probe (Chrono Boost)  
  63  4:49  Probe (Chrono Boost)  
  65  4:52  Gateway  
  65  4:54  Gateway  
  65  4:56  Protoss Ground Weapons Level 1 (Chrono Boost)  
  65  4:58  Probe  
  66  5:00  Probe  
  63  5:10  Probe (Chrono Boost)  
  65  5:15  Probe (Chrono Boost)  
  65  5:19  Charge (Chrono Boost)  
  65  5:21  Zealot x2  
  69  5:22  Probe (Chrono Boost)  
  69  5:23  Probe (Chrono Boost)  
  69  5:28  Probe x2 (Chrono Boost)  
  70  5:31  Probe (Chrono Boost)  
  70  5:34  Templar Archives  
  69  5:36  Probe x2  
  69  5:40  Gateway x2  
  69  5:42  Probe  
  72  5:43  Shield Battery  
  72  5:45  Zealot x2  
  76  5:50  Probe  
  76  5:51  Probe  
  76  5:55  Probe, Robotics Facility  
  79  6:03  Probe x2, Assimilator  
  81  6:05  Assimilator  
  81  6:07  Probe  
  82  6:12  High Templar x2  
  82  6:14  Pylon  
  82  6:15  Probe x2  
  82  6:18  Archon  
  88  6:19  Probe  
  88  6:21  Pylon  
  88  6:24  Photon Cannon  
  88  6:25  Pylon  
  89  6:27  High Templar x2  
  93  6:33  Gateway  
  93  6:34  Archon  
  93  6:35  Zealot x2  
  93  6:38  Gateway  
  97  6:40  Pylon  
  97  6:41  Pylon  
  97  6:43  Observer (Chrono Boost)  
  98  6:51  High Templar x2  
  102  6:55  Archon  
  102  6:56  Protoss Ground Weapons Level 2 (Chrono Boost)  
  102  6:57  Warp Prism (Chrono Boost)  
  104  7:01  Zealot  
  104  7:07  Nexus  
  106  7:08  Pylon  
  106  7:10  Robotics Bay  
  106  7:27  Immortal (Chrono Boost)  
  110  7:35  Zealot x2  
  114  7:38  Zealot x5  
  114  7:39  Zealot  
  119  7:58  Disruptor (Chrono Boost)  
  119  8:01  Stalker x8  
  102  8:25  Stalker x8  
  114  8:29  Disruptor (Chrono Boost)  
  117  8:34  Pylon  
  117  8:35  Shield Battery, Pylon  
  117  8:36  Pylon  
  115  8:53  Nexus  
  112  8:56  Disruptor (Chrono Boost)  
  112  8:57  Pylon  
  115  9:05  Stalker x2  
  115  9:06  Stalker x6  
  131  9:17  Blink (Chrono Boost)  
  128  9:25  Probe x3  
  116  9:52  Probe x2  
  117  9:54  Probe  
  117  9:56  Stalker x6  
  127  10:03  Disruptor (Chrono Boost)  
  130  10:11  Probe  
  130  10:13  Probe x2  
  128  10:17  Pylon  
  128  10:23  Zealot  
  128  10:24  Zealot x2  
  133  10:45  Zealot x5  
  133  10:47  Zealot  
  145  10:50  Zealot  
  101  11:22  Zealot  
  101  11:23  Zealot x5  
  101  11:24  Probe x3  
  106  11:36  Probe  
  84  11:52  Probe x2  
  84  11:53  Probe  
Show
View Real Time Build Order
Export as new Build Order

Scarlett Zerg 

Build Orders: Hatch First, Swarm Host 

Get SALT Encoding   

  12  0:00  Drone  
  13  0:12  Overlord  
  13  0:16  Drone  
  14  0:30  Drone x2  
  16  0:45  Drone  
  17  0:54  Drone, Hatchery  
  17  0:59  Drone  
  18  1:08  Extractor  
  17  1:13  Spawning Pool  
  17  1:16  Drone  
  17  1:20  Drone  
  18  1:28  Drone  
  19  1:38  Drone  
  20  1:49  Overlord  
  20  1:59  Queen  
  22  2:05  Queen  
  22  2:06  Zergling x4  
  26  2:13  Drone, Metabolic Boost  
  27  2:20  Drone  
  27  2:22  Drone  
  29  2:33  Hatchery  
  29  2:37  Drone  
  29  2:45  Drone x3  
  29  2:50  Queen  
  34  2:55  Overlord  
  34  3:00  Drone  
  34  3:01  Drone  
  36  3:16  Drone x6  
  42  3:20  Overlord  
  42  3:23  Queen  
  44  3:28  Overlord  
  44  3:33  Overlord  
  44  3:40  Overlord  
  44  3:44  Spore Crawler  
  44  3:45  Spore Crawler  
  44  3:50  Drone x2  
  44  3:55  Drone x2  
  47  3:56  Drone  
  47  3:59  Drone x2  
  49  4:09  Spore Crawler  
  48  4:12  Spore Crawler  
  48  4:13  Drone x5  
  48  4:16  Zergling x2  
  54  4:17  Zergling x2  
  54  4:18  Queen  
  54  4:25  Drone x4  
  54  4:31  Queen  
  58  4:34  Zergling x6  
  63  4:42  Extractor  
  62  4:45  Zergling x2  
  62  4:46  Zergling x2  
  62  4:49  Queen  
  62  4:51  Drone x3  
  69  4:53  Overlord  
  69  4:58  Drone x5  
  72  5:01  Drone  
  72  5:06  Drone x2  
  73  5:13  Drone x3  
  76  5:19  Roach Warren  
  75  5:25  Drone  
  75  5:26  Drone x7  
  80  5:31  Drone x2  
  80  5:33  Lair  
  80  5:35  Extractor  
  80  5:37  Extractor x2, Overlord  
  80  5:41  Drone x3, Evolution Chamber, Overlord  
  80  5:45  Overlord  
  80  5:46  Drone x2  
  80  5:49  Hatchery, Extractor  
  80  5:51  Overlord x2  
  80  5:54  Drone x2  
  82  5:59  Drone x5  
  86  6:12  Roach x3  
  86  6:14  Roach x4  
  100  6:22  Zerg Missile Weapons Level 1  
  100  6:27  Roach x6  
  100  6:32  Glial Reconstitution  
  112  6:33  Infestation Pit  
  111  6:41  Overlord x6  
  111  6:42  Overseer  
  111  7:10  Roach x13  
  136  7:18  Ravager, Roach x5  
  136  7:19  Ravager x2  
  149  7:24  Overlord x2  
  149  7:25  Overlord  
  149  7:26  Swarm Host x2  
  149  7:28  Swarm Host  
  158  7:31  Swarm Host  
  158  7:34  Swarm Host  
  158  7:35  Swarm Host  
  167  7:41  Roach x4  
  169  7:51  Swarm Host x2  
  169  7:55  Spore Crawler  
  171  8:09  Roach x11  
  161  8:22  Swarm Host x2  
  161  8:25  Overseer  
  162  8:30  Swarm Host  
  162  8:31  Zergling x18  
  166  8:45  Hive  
  164  8:49  Drone  
  164  8:51  Zergling x24, Nydus Network  
  164  8:52  Zergling x2  
  177  9:01  Zergling x8  
  181  9:06  Zergling x4  
  168  9:24  Roach  
  168  9:25  Roach x9  
  182  9:38  Nydus Canal  
  170  9:46  Zergling x24  
  170  9:52  Hydralisk Den  
  170  9:55  Swarm Host  
  170  9:56  Swarm Host x2  
  170  9:59  Roach x2  
  167  10:00  Roach x3  
  159  10:07  Viper  
  159  10:08  Zergling x14  
  165  10:17  Ravager x4  
  165  10:18  Zergling x14  
  173  10:26  Extractor x2  
  170  10:29  Zergling x12  
  170  10:35  Overlord x2  
  175  10:40  Zergling x16, Ravager x5  
  190  10:50  Roach x3  
  190  10:53  Roach x2  
  190  10:56  Roach x4  
  186  11:00  Roach  
  161  11:05  Roach x5  
  161  11:08  Hydralisk  
  161  11:09  Roach Warren  
  167  11:13  Hydralisk  
  137  11:19  Hydralisk  
  137  11:20  Hydralisk x2  
  137  11:24  Zergling x4  
  114  11:35  Hydralisk x3  
  113  11:53  Nydus Canal  
Tags
 
Add a new tag
Caveats
  • Supply blocks, unpowered buildings, or Contaminate may cause inaccurate times.
  • Supply counts are checked every 10 seconds.